Cogmind - Beta 16 @@@ ROGUE MODE // 2025.11.15 @ 10:29:15 Player: Lazz Result: Destroyed by G-50 Soldier with Heavy Laser Performance ------------- Evolutions (4) 2000 Regions Visited (5) 1000 Robots Destroyed (11) 55 Value Destroyed (335) 335 Prototype IDs (0) 0 Alien Tech Used (0) 0 Bonus (1005) 1005 TOTAL SCORE: 4395 Bonus ------- Follower Combat Kills 205 Registered with UFD 300 Met Optimus in HQ 500 Cogmind --------- Core Integrity 0/850 Matter 299/300 Energy 64/100 System Corruption 3% Temperature Cool (9) Movement Core (200) Ox3 Location -6/Extension Parts ------- > --- POWER (1) -------- (None) > --- PROPULSION (4) --- (None) > --- UTILITY (7) ------ Medium Storage Unit Machine Analyzer Signal Interpreter Advanced Signal Interpreter > --- WEAPON (3) ------- (None) > --- INVENTORY (10) --- Light Nuclear Core Light Angular Momentum Engine Medium Treads Ripper Peak State ------------ > --- POWER ------------ Light Angular Momentum Engine > --- PROPULSION ------- Myomer Leg Myomer Leg Gravmag Array > --- UTILITY ---------- Medium Storage Unit Machine Analyzer Signal Interpreter Advanced Signal Interpreter Surveybot 17 Chip System Shield > --- WEAPON ----------- Bore Cannon Heavy Mace > --- INVENTORY -------- Light Nuclear Core Light Angular Momentum Engine Medium Treads Flexi-carbon Leg Flexi-carbon Leg Flexi-carbon Leg Flexi-carbon Leg Ripper [Rating: 60] Favorites ----------- Power Angular Momentum Engine Engine Angular Momentum Engine Propulsion Light Treads Treads Light Treads Leg Aluminum Leg Hover Unit Gravmag Array Utility Signal Interpreter Device Improved Terrain Scanner Storage Large Storage Unit Processor Signal Interpreter Hackware System Shield Weapon EM Pulse Gun Energy Gun EM Pulse Gun Energy Cannon Improved EM Pulse Cannon Ballistic Gun Heavy Machine Gun Ballistic Cannon Magnetic Acceleration Cannon Launcher Long-range Missile Launcher Special Weapon CPS Tube Impact Weapon Heavy Mace Build | -11 -10 -10 -9 -6 -6 ------- Run | Yrd Mat Sub Scr Fac Ext Slots Evolved 8 | . . . . 8 . Power . | . . . . . . Propulsion 2 | . . . . 2 . Utility 5 | . . . . 5 . Weapon 1 | . . . . 1 . Parts Attached 38 | 7 2 . 7 11 11 Power 4 | 1 . . 1 1 1 Engine 4 | 1 . . 1 1 1 Core . | . . . . . . Reactor . | . . . . . . Propulsion 13 | 2 . . 2 2 7 Treads 4 | . . . 2 2 . Leg 8 | 2 . . . . 6 Wheel . | . . . . . . Hover 1 | . . . . . 1 Flight . | . . . . . . Utility 11 | 2 2 . 1 4 2 Device 2 | 1 . . . 1 . Storage 3 | 1 1 . 1 . . Processor 5 | . 1 . . 2 2 Hackware 1 | . . . . 1 . Protection . | . . . . . . Artifact . | . . . . . . Weapon 10 | 2 . . 3 4 1 Energy Gun 2 | 2 . . . . . Energy Cannon 1 | . . . 1 . . Ballistic Gun 2 | . . . 1 1 . Ballistic Cannon 2 | . . . 1 . 1 Launcher 1 | . . . . 1 . Special Weapon 1 | . . . . 1 . Impact Weapon 1 | . . . . 1 . Slashing Weapon . | . . . . . . Piercing Weapon . | . . . . . . Special Melee Weapon . | . . . . . . Unidentified Prototypes . | . . . . . . Parts Lost 25 | . . . . 12 13 Power 3 | . . . . 2 1 Propulsion 11 | . . . . 4 7 Utility 5 | . . . . 2 3 Weapon 6 | . . . . 4 2 Highest Loss Streak 12 | . . . . 11 12 To Critical Strikes . | . . . . . . Average Backups 9 | 2 7 8 12 6 5 Power 2 | . 2 2 2 2 2 Propulsion 1 | 1 2 2 1 . 2 Utility 2 | . 1 2 3 1 . Weapon 2 | . 1 2 4 1 . Tool/Special . | . . . . . . Unused Backups 9 | . . . 3 . 6 Power 3 | . . . . . 3 Propulsion 2 | . . . . . 2 Utility 1 | . . . 1 . . Weapon 3 | . . . 2 . 1 Tool/Special . | . . . . . . Average Slot Usage (%) 91 | . 100 100 99 87 57 Engine 10 | . 14 14 14 5 1 Treads 15 | . . . 20 23 . Leg 8 | . 28 28 7 . 6 Device 3 | . 14 . . 11 . Storage 10 | . 14 14 14 5 3 Processor 15 | . . 14 14 15 27 Hackware 2 | . . . . 5 5 Energy Gun 12 | . 28 28 17 . . Energy Cannon 2 | . . . 1 5 . Ballistic Gun 4 | . . . 6 4 . Ballistic Cannon 2 | . . . 2 5 1 Peak Build Rating 60 | 9 9 8 24 56 60 Average Rating 25 | 5 8 8 15 48 39 On Entrance 11 | . 9 8 8 24 17 Avg Prop Armor Cover (%) . | . . . . . . Naked Turns . | . . . . . . Heaviest Build 58 | 13 18 17 48 58 31 Greatest Support 90 | 20 20 20 40 88 90 Greatest Overweight (x) 11 | 2 . . 1 11 3 Average Overweight (x) . | . . . . . . Largest Inventory Capacity 15 | 8 10 10 15 15 10 Average Capacity 12 | 7 9 10 13 14 7 Most Carried 15 | 5 8 8 15 13 10 Average Carried 10 | 2 7 8 12 7 5 Final Capacity 15 | 8 10 10 15 5 10 Final Carried 14 | 5 8 8 14 3 4 Class Distribution -------------------- 79% | Mutant 14% | Skirmisher 3% | Scavenger-Mutant Dominant Class ---------------- Mutant | -10/Materials Mutant | -10/Subcaves Mutant | -9/Scraptown Skirmisher | -6/Factory Mutant | -6/Extension Resources | -11 -10 -10 -9 -6 -6 ----------- Run | Yrd Mat Sub Scr Fac Ext Matter Collected 683 | 178 . 24 138 49 294 Remotely . | . . . . . . Salvage Created 606 | 24 . 51 . 137 394 Parts 27 | 5 . 5 . 9 8 Haulers Intercepted . | . . . . . . Recyclers Shooed . | . . . . . . Parts Field Recycled . | . . . . . . Retrieved Matter . | . . . . . . Parts Self-Destructed 12 | . . 12 . . . Prevented 1 | . . 1 . . . Parts Restored . | . . . . . . Kills | -11 -10 -10 -9 -6 -6 ------- Run | Yrd Mat Sub Scr Fac Ext Combat Hostiles Destroyed 9 | . . 3 . 3 3 Guns 4 | . . 3 . 1 . Cannons 3 | . . . . 2 1 Classes Destroyed 6 | 1 . 1 . 2 2 Tunneler 1 | 1 . . . . . Watcher 1 | . . . . 1 . Swarmer 5 | . . 3 . 2 . Sentry 2 | . . . . . 2 Heavy 1 | . . . . 1 . Thug 1 | . . . . . 1 Best Kill Streak 3 | 1 . 3 . 3 1 Combat Bots Only 3 | . . 3 . 2 1 Max Kills in Single Turn 2 | 1 . 1 . 2 1 Gunslinging . | . . . . . . Exploded . | . . . . . . Melee . | . . . . . . Uniques/NPCs Destroyed . | . . . . . . Combat | -11 -10 -10 -9 -6 -6 -------- Run | Yrd Mat Sub Scr Fac Ext Hostile Shots Fired 411 | . . 46 . 188 177 Missed 158 | . . 15 . 58 85 Hits 253 | . . 31 . 130 92 Melee 4 | . . . . . 4 Projectile 249 | . . 31 . 130 88 Critical Strikes 2 | . . . . 1 1 Part Disruptions 1 | . . . . 1 . Damage Taken 3204 | . . 184 . 1656 1364 Core 904 | . . 40 . 399 465 Absorbed by Shields . | . . . . . . Core Remaining (%) 92 | 100 . . 84 . . Volleys Fired 23 | 2 . 6 . 9 6 Largest 3 | 2 . 2 . 3 1 Hottest 146 | 80 . 80 . 146 48 Shots Fired 44 | 4 . 12 . 22 6 Gun 23 | 4 . 12 . 7 . Cannon 19 | . . . . 13 6 Launcher . | . . . . . . Special 2 | . . . . 2 . Kinetic 20 | . . . . 14 6 Thermal . | . . . . . . Explosive . | . . . . . . Electromagnetic 22 | 4 . 12 . 6 . Robot Hit Streak 6 | 3 . 4 . 6 1 Robot Miss Streak 4 | . . 2 . 3 4 Penetration Max . | . . . . . . Secondary Targets 1 | . . 1 . . . Max Gunslinging Chain 1 | . . 1 . . . Shots Hit Robots 25 | 3 . 6 . 9 7 Core Hits 9 | 1 . 3 . 4 1 Critical Kills 2 | . . . . 1 1 Critical Parts Destroyed 1 | . . . . . 1 Critical Strikes 4 | . . . . 2 2 Destroy 2 | . . . . 1 1 Blast 1 | . . . . 1 . Smash 1 | . . . . . 1 Melee Attacks 13 | . . . . 3 10 Impact 13 | . . . . 3 10 Slashing . | . . . . . . Piercing . | . . . . . . Sneak Attacks 1 | . . . . . 1 Combat Hostiles . | . . . . . . Follow-up Attacks . | . . . . . . Damage Inflicted 828 | 39 . 69 . 200 520 Guns 121 | 39 . 69 . 13 . Cannons 220 | . . . . 187 33 Explosions . | . . . . . . Melee 487 | . . . . . 487 Ramming . | . . . . . . Kinetic 111 | . . . . 78 33 Thermal . | . . . . . . Explosive . | . . . . . . Electromagnetic 230 | 39 . 69 . 122 . Impact 487 | . . . . . 487 Slashing . | . . . . . . Piercing . | . . . . . . Highest Corruption 3 | . . . . 3 3 Average Corruption 2 | . . . . 1 3 Corruption Purged . | . . . . . . Corruption Blocked . | . . . . . . Effects 7 | . . . . 2 5 Message Errors 1 | . . . . . 1 Matter Fused 3 | . . . . 1 2 Heat Flow Errors 2 | . . . . 1 1 Parts Fused 1 | . . . . . 1 Overload Shots . | . . . . . . Overflow Damage 332 | . . . . . 332 Projectiles . | . . . . . . Explosions . | . . . . . . Melee 332 | . . . . . 332 Knockbacks 2 | . . . . . 2 Impact 2 | . . . . . 2 Kinetic . | . . . . . . Secondary . | . . . . . . Self-Inflicted Damage . | . . . . . . Shots . | . . . . . . Rammed . | . . . . . . Targets Rammed . | . . . . . . Kicked . | . . . . . . Crushed . | . . . . . . Highest Temperature 248 | 36 . . . 248 123 Average Temperature 75 | 20 . . . 93 44 Received Heat Transfer 696 | . . 48 . 351 297 Siege Activations . | . . . . . . Martial Activations . | . . . . . . Shielding Activations . | . . . . . . Robots Disrupted . | . . . . . . Combat Hostiles . | . . . . . . Robots Corrupted 3 | . . . . . 3 Combat Hostiles 1 | . . . . . 1 Parts Fried 2 | . . . . . 2 Impact Corruptions 9 | . . . . . 9 Robots Melted . | . . . . . . Combat Hostiles . | . . . . . . Parts Melted 1 | . . . . . 1 Heat Transferred . | . . . . . . Parts Sabotaged . | . . . . . . Parts Stolen . | . . . . . . Parts Stripped . | . . . . . . Power Chain Reactions . | . . . . . . Alert | -11 -10 -10 -9 -6 -6 ------- Run | Yrd Mat Sub Scr Fac Ext Maximum Alert Level . | . . . . . . Low Security (%) 100 | 100 100 . . 100 100 Level 1 . | . . . . . . Level 2 . | . . . . . . Level 3 . | . . . . . . Level 4 . | . . . . . . Level 5 . | . . . . . . High Security . | . . . . . . Max Security . | . . . . . . Peak Influence 97 | 5 . . . 97 46 Initial 46 | . . . . . 46 Average 15 | . . . . 22 8 Influence Increases 692 | 5 . 135 . 369 183 Destroy 0b10 Robot/C 280 | . . 60 . 100 120 Destroy 0b10 Robot/NC 25 | 5 . . . 5 15 Destroy Leader 32 | . . . . 32 . Allied During Kill 15 | . . . . 8 7 Successful Hack 22 | . . . . 8 14 Destroy Structure 18 | . . . . 6 12 Partial Spotted 30 | . . . . 15 15 Lose Combat Pursuer 270 | . . 75 . 195 . Influence Decreases 692 | 5 . 20 115 272 280 Entered New Map 166 | . . . 115 . 51 Time Decay 322 | 5 . 20 . 165 132 Lost Part 83 | . . . . 67 16 Lost Ally 85 | . . . . 40 45 Purge Threat 36 | . . . . . 36 Squads Dispatched 9 | . . . . 8 1 Investigation 3 | . . . . 2 1 Extermination 3 | . . . . 3 . Reinforcement 3 | . . . . 3 . Assault . | . . . . . . Garrison . | . . . . . . Intercept . | . . . . . . Searches Triggered . | . . . . . . Construction Impeded . | . . . . . . Haulers Reinforced . | . . . . . . Active Scanning Responses . | . . . . . . Cargo Convoy Interrupts . | . . . . . . Stealth | -11 -10 -10 -9 -6 -6 --------- Run | Yrd Mat Sub Scr Fac Ext Distress Signals 3 | . . . . 3 . Communications Jammed . | . . . . . . Distress Signals . | . . . . . . Times Spotted 54 | . 1 7 . 26 20 Peak Tracking Total 16 | . 1 6 . 13 16 Tactical Retreats 8 | . . 2 . 6 . Traps | -11 -10 -10 -9 -6 -6 ------- Run | Yrd Mat Sub Scr Fac Ext Traps Triggered 1 | . . . . . 1 Indirectly . | . . . . . . Trap Hack Attempts . | . . . . . . Triggered . | . . . . . . Disarmed . | . . . . . . Reprogrammed . | . . . . . . Reused . | . . . . . . Traps Extracted . | . . . . . . Installed . | . . . . . . Triggered . | . . . . . . Machines | -11 -10 -10 -9 -6 -6 ---------- Run | Yrd Mat Sub Scr Fac Ext Machines Disabled . | . . . . . . Max in Single Turn . | . . . . . . Machines Repaired . | . . . . . . Machines Dismantled . | . . . . . . Machines Sabotaged . | . . . . . . Overloaded Fab Kills . | . . . . . . Hacking | -11 -10 -10 -9 -6 -6 --------- Run | Yrd Mat Sub Scr Fac Ext Machines Accessed 13 | . 1 . 2 5 5 Terminals 7 | . 1 . . 1 5 Fabricators 2 | . . . . 2 . Repair Stations . | . . . . . . Recycling Units 2 | . . . . 2 . Scanalyzers . | . . . . . . Garrison Access . | . . . . . . Total Hacks 35 | . 1 . 12 8 14 Successful 21 | . 1 . 12 3 5 Failed 14 | . . . . 5 9 Catastrophic 4 | . . . . 2 2 Database Lockouts . | . . . . . . Manual 10 | . . . . 7 3 Terminals 17 | . 1 . . 2 14 Fabricators 3 | . . . . 3 . Repair Stations . | . . . . . . Recycling Units 3 | . . . . 3 . Scanalyzers . | . . . . . . Garrison Access . | . . . . . . Terminal Hacks 18 | . 1 . 12 . 5 Record 12 | . . . 12 . . Open Door 2 | . . . . . 2 Alert Level 1 | . . . . . 1 Unreport Threat 1 | . . . . . 1 Registered Components 1 | . . . . . 1 Zone Layout 1 | . 1 . . . . Fabricator Hacks 1 | . . . . 1 . Network Status 1 | . . . . 1 . Repair Station Hacks . | . . . . . . Recycling Unit Hacks . | . . . . . . Scanalyzer . | . . . . . . Garrison Access Hacks . | . . . . . . Unauthorized Hacks 2 | . . . . 2 . Terminals . | . . . . . . Fabricators 1 | . . . . 1 . Fabnet 1 | . . . . 1 . Repair Stations . | . . . . . . Recycling Units 1 | . . . . 1 . Fedlink 1 | . . . . 1 . Scanalyzers . | . . . . . . Garrison Access . | . . . . . . Data Cores Recovered . | . . . . . . Used . | . . . . . . Hacking Detections 6 | . . . . 3 3 Full Trace Events 2 | . . . . 1 1 Feedback Events . | . . . . . . Feedback Blocked . | . . . . . . Robot Schematics Acquired . | . . . . . . Robots Built . | . . . . . . Authchips . | . . . . . . Time . | . . . . . . Total Robot Build Rating . | . . . . . . Part Schematics Acquired . | . . . . . . Parts Built . | . . . . . . Authchips . | . . . . . . Time . | . . . . . . Total Part Build Rating . | . . . . . . Part Studies Acquired . | . . . . . . Parts Repaired . | . . . . . . Time . | . . . . . . Parts Recycled . | . . . . . . Recycled Matter . | . . . . . . Retrieved Matter . | . . . . . . Retrieved Components . | . . . . . . Parts Scanalyzed . | . . . . . . Part Schematics Acquired . | . . . . . . Parts Damaged . | . . . . . . Bothacking | -11 -10 -10 -9 -6 -6 ------------ Run | Yrd Mat Sub Scr Fac Ext Used RIF Installer . | . . . . . . Robots Hacked . | . . . . . . Non-combat . | . . . . . . Combat . | . . . . . . Robot Hacks Applied . | . . . . . . Relay Couplers Released . | . . . . . . Fabnet Peak Effective % . | . . . . . . Robots Rewired 7 | . . . . . 7 Allies Hacked . | . . . . . . Hacks Repelled . | . . . . . . Allies | -11 -10 -10 -9 -6 -6 -------- Run | Yrd Mat Sub Scr Fac Ext Total Allies 12 | . . . . 2 10 Largest Group 5 | . . . . 1 5 Highest-Rated Group 154 | . . . . 59 154 Highest-Rated Ally 59 | . . . . 59 39 Total Orders 2 | . . . . 2 . EXPLORE 2 | . . . . 2 . Ally Attacks 36 | . . . . 7 29 Total Damage 1016 | . . . . 340 676 Kills 5 | . . . . 2 3 Allies Corrupted . | . . . . . . Allies Melted . | . . . . . . Intel | -11 -10 -10 -9 -6 -6 ------- Run | Yrd Mat Sub Scr Fac Ext Active Infowar (turns) 1393 | 7 136 . . 783 467 Terrain 874 | 7 136 . . 731 . Machine Analysis 736 | . . . . 269 467 Robot Analysis Total . | . . . . . . Derelict Logs Recovered 2 | . . 2 . . . Drone Launches 5 | . . . . 5 . Drone Recoveries 2 | . . . . 2 . Exploration | -11 -10 -10 -9 -6 -6 ------------- Run | Yrd Mat Sub Scr Fac Ext Turns Passed 3539 | 73 138 318 1758 785 467 Spaces Moved 2190 | 44 27 248 1116 409 346 Core 172 | 6 . . . 71 95 Treads 1093 | . . . 755 338 . Legs 766 | 38 27 248 361 . 92 Wheels . | . . . . . . Hover 159 | . . . . . 159 Flight . | . . . . . . Fastest Speed 50 | 50 120 120 120 50 50 Average Speed 136 | 118 120 120 154 148 75 Slowest Speed 600 | 150 120 120 240 600 200 Overloaded Moves . | . . . . . . Propulsion Burnouts . | . . . . . . Robots Hopped . | . . . . . . Potential Cave-ins . | . . . . . . Cave-ins Triggered . | . . . . . . Exploration Rate (%) 27 | 4 8 16 77 17 40 Regions Visited 5 Branch Regions 3 Pre-discovered Areas 2 | . . 2 . . . Known Exits Taken 4 | . 1 1 1 1 . Unknown Exits Taken 1 | 1 . . . . . Scrap Searched 8 | . . . 8 . . Spaces Dug 5 | . . . . 2 3 Terrain Destroyed 13 | . . . . 4 9 Melee 4 | . . . . 2 2 Projectile 9 | . . . . 2 7 AOE . | . . . . . . Terrain Rammed . | . . . . . . Walls Destroyed . | . . . . . . Machines Disabled . | . . . . . . Actions | -11 -10 -10 -9 -6 -6 --------- Run | Yrd Mat Sub Scr Fac Ext Total 2679 | 57 131 256 1148 561 526 Wait 296 | . 101 3 4 124 64 Move 2185 | 43 26 247 1115 408 346 Hop . | . . . . . . Pick Up 30 | 5 2 . 12 1 10 Fast Attach 15 | 7 . . 1 2 5 Attach 20 | . . . 2 10 8 Detach 1 | . . . . . 1 Swap 8 | . 2 . 4 2 . Drop 14 | . . . 10 2 2 Fire 23 | 2 . 6 . 9 6 Melee 13 | . . . . 3 10 Ram . | . . . . . . Kick . | . . . . . . Crush . | . . . . . . Escape Stasis . | . . . . . . Rewire 74 | . . . . . 74 Trap . | . . . . . . Miscellaneous . | . . . . . . Route ------- -11/Scrapyard -10/Materials -10/Subcaves (discovered 2 exits: [*Rec] / *Scr) -9/Scraptown (discovered 2 exits: *Fac x2) -6/Factory -6/Extension History --------- Turn | Location | Event 26 | -11/Scrapyard | Discovered new exit (range 15) 74 | -11/Scrapyard | Entered Materials 207 | -10/Materials | Discovered new exit (range 4) 211 | -10/Materials | Identified exit to Subcaves 212 | -10/Materials | Entered Subcaves 213 | -10/Subcaves | Approached by a straggling Scientist 227 | -10/Subcaves | Learned location of Storage (-9) 279 | -10/Subcaves | A swath of the cavern ceiling suddenly collapsed 307 | -10/Subcaves | Build established: Mutant 427 | -10/Subcaves | Learned location of Zion (-7) 427 | -10/Subcaves | Met a Zionite searching for "candidates" 514 | -10/Subcaves | Discovered new exit (range 11) 529 | -10/Subcaves | Identified exit to Scraptown 530 | -10/Subcaves | Entered Scraptown 699 | -9/Scraptown | Discovered new exit (range 9) 709 | -9/Scraptown | Identified exit to Factory 768 | -9/Scraptown | Visited Awakened 799 | -9/Scraptown | Visited The Evicted 1148 | -9/Scraptown | Visited Bundlers 1333 | -9/Scraptown | Visited Cyclists 1379 | -9/Scraptown | Visited UFD Registry 1379 | -9/Scraptown | Registered with UFD as "Nullcase" 1410 | -9/Scraptown | Entered Cyclist Reading Room 1483 | -9/Scraptown | Visited Junk Repository 1538 | -9/Scraptown | Visited Chapter 10 1576 | -9/Scraptown | Visited Curators Association 1610 | -9/Scraptown | Visited Supply Room 1784 | -9/Scraptown | Visited Scrapoid Research Area 1821 | -9/Scraptown | Visited Science Testing Area 1848 | -9/Scraptown | Visited Cartography Club 1898 | -9/Scraptown | Found Surveybot 17 Chip 2021 | -9/Scraptown | Visited Botcube Research 2031 | -9/Scraptown | Found Lrg. Botcube 2152 | -9/Scraptown | Met Optimus 2152 | -9/Scraptown | Accepted into 0bPrime 2280 | -9/Scraptown | Discovered exit to Factory (range 3) 2288 | -9/Scraptown | Entered Factory 2288 | -6/Factory | Evolved 8 slots: Propulsion x2, Utility x5, Weapon x1 2709 | -6/Factory | Build established: Skirmisher 2833 | -6/Factory | Discovered new exit (range 15) 2880 | -6/Factory | Loaded intel: 8 recycling unit locations 2910 | -6/Factory | Lrg. Botcube activated 2926 | -6/Factory | Lrg. Botcube completed mutation into legged form, armed with 1 gun, 2 cannons. 2995 | -6/Factory | Lrg. Botcube activated 2999 | -6/Factory | Lrg. Botcube completed mutation into treaded form (unarmed). 2999 | -6/Factory | Attached CPS modules to Y-54 Guardian. 3001 | -6/Factory | Attached CPS modules to G-50 Soldier. 3057 | -6/Factory | Lost 11 parts (2p3n2u4w) 3059 | -6/Factory | Lost 3 allies 3072 | -6/Factory | Identified exit to Extension 3073 | -6/Factory | Entered Extension 3106 | -6/Extension | Rescued a captive Derelict 3107 | -6/Extension | Rescued a captive Derelict 3142 | -6/Extension | Core integrity fell below 50% 3283 | -6/Extension | Build established: Mutant 3399 | -6/Extension | Lost 8 allies 3449 | -6/Extension | Rescued a captive Derelict 3510 | -6/Extension | Spotted B-75 Beast 3522 | -6/Extension | Spotted B-75 Beast 3535 | -6/Extension | Core integrity fell below 20% 3540 | -6/Extension | Destroyed by G-50 Soldier with Heavy Laser Last Messages --------------- 03523_ Acquired 4 matter. 03525_ Knocked back. 03525_ U-05 Engineer builds a Wall. 03526_ Hvy. Mace destroyed. 03527_ Myomer Leg destroyed. 03528_ Bore Cannon destroyed. 03528_ Knocked back. 03531_ Lgt. Angular Momentum Engine destroyed. 03531_ Knocked back. 03531_ Flexi-carbon Leg destroyed. 03531_ Knocked back. 03531_ Myomer Leg destroyed. 03533_ Acquired 4 matter. 03534_ R-10 Processor destroyed. 03534_ Machine disabled. 03535_ Surveybot 17 Chip destroyed. 03535_ Flexi-carbon Leg destroyed. 03536_ U-05 Engineer builds a Wall. 03538_ Gravmag Array destroyed. 03538_ System Shield destroyed. Map ----- +----------------------------------------------------+ | #???? ## #??# #???????????????????????? | | #???####+## #??# #???????????????????????? | | #????????? #??# #???????????????????????? | | #????????? #??# #???????????????????????? | | ???????? ???# #????????????""T""??????? | | ###########??????## ???# #????????????"""""??????? | | ??????????????????? ???# #???????????????????????? | | ??????????????????? ???# #???????????????????????? | | ????????????????###+##?# #???????????????????????? | | ????????????????# # #???????????????????????? | | ????????????????# / # ###?????????????????????? | | ????????????????#/ = / T"#?????????????????????? | | ????????????????# # ""#?????????????????????? | | ????????????????# / ??#g"##?????????????????????? | | ????????????????# ????#g##??????????????????????? | | ????????????????#??????#Y#???????????????????????? | | ??????????????????????## ##?#####????????????????? | | ????????????????????###;Y;## #; ### ##???????????? | | ????????????????????## gY"" "" ""#??????????? | | ????????????????????##u " Y #??????????? | | ????????????????????#;!= g #??????????? | | ????????????????????#;%| #??????????? | | ???????????###########=% Y ##?????????? | | ????????? g ????????? | | ????????? k u l! w ????????? | | ????????? t %@%* ????????? | | ????????? BB =! ????????? | | ?????????? BB RRBB ????????? | | ??????????############ BB ##?????????? | | ?????????????????????# #??????????? | | ?????????????????????# #??????????? | | ?????????????????????# #??????????? | | ?????????????????????# #??????????? | | ?????????????????????######T#"""######???????????? | | ???????????????????????????##????????????????????? | | ?????????????????????????????????????????????????? | | | | | | | | | | | | | | | | | | | | | | | | | | | | | +----------------------------------------------------+ Best States ------------- Heat Dissipation 37 Energy Generation 18 Energy Capacity 300 Matter Stores 300 Matter Capacity 300 Sight Range 16 Terrain Scan Range 16 Terrain Scan Density 1210 Corruption Containment 8 Evasion (%) 55 Recoil Reduction 4 Defensive Hacking 10 Item Schematics ----------------- None Robot Schematics ------------------ None Fabricated ------------ Nothing Repaired ---------- Nothing Studied --------- None Alien Tech Used ----------------- None Achievements -------------- None Challenges ------------ None Game ------ Seed AdvancedBurstPerforator Manual? 0 Play Time 00:34:18 Cumulative 79.8 hours Start 2025.11.15 @ 09:50:23 End 2025.11.15 @ 10:29:15 Sessions 1 Manual Loads 0 Difficulty Rogue Special Mode None Game No. 108 Rogue 108 Adventurer 0 Explorer 0 Win Type - Total 1 Types 1/0/0/0/0/0/0/0/0/0 Lore% 49 Gallery% 49 Achievement% 36 Wizard Run 0 Options --------- Layout 2 ASCII 0 Keyboard 0 Movement Mouse Keybinds 0 Fullscreen 1 Font 24/Smallcaps Map View 50x44 Zoom Use 0% Tactical HUD 1 Map Filters NONE Filters NONE Steam 1 RUN: 0befd6fb-92d5-4367-8d44-4de95a74369a